 Dungeon Crawl Stone Soup version 0.21.1-1-g345015fe64 (webtiles) character file.

16781 Revguard the Carver (level 12, -16/142 HPs)
             Began as a Demonspawn Gladiator on June 8, 2018.
             Killed from afar by an ice dragon (36 damage)
             ... with a blast of cold
             ... in an ice cave.
             The game lasted 00:58:35 (10239 turns).

Revguard the Carver (Demonspawn Gladiator)         Turns: 10239, Time: 00:58:38

Health: -16/142    AC: 26    Str: 20    XL:     12   Next: 13%
Magic:  0/12       EV:  2    Int: 10    God:
Gold:   874        SH:  0    Dex: 14    Spells: 11/11 levels left

rFire    . . .     SeeInvis .   C - +1 scimitar (flame)
rCold    . . .     Gourm    .   (no shield)
rNeg     + + +     Faith    .   (armour currently unavailable)
rPois    +         Spirit   +   (helmet currently unavailable)
rElec    .         Reflect  .   (cloak currently unavailable)
rCorr    .         Harm     .   (gloves currently unavailable)
MR       .....     NoTele   +   (boots unavailable)
Stlth    +.........             B - amulet of regeneration
HPRegen  0.73/turn              (no ring)
MPRegen  0.26/turn              (no ring)

@: tree-form
A: magic shield, magic regeneration, freezing cloud immunity
a: no special abilities


You were in an ice cave.
You were hungry.
You were a tree.
You visited 3 branches of the dungeon, and saw 13 of its levels.
You also visited: Sewer and Ice Cave.

You collected 874 gold pieces.

Inventory:

Hand Weapons
 c - a +1 scimitar
 C - a +1 scimitar of flaming (weapon)
Missiles
 d - 5 throwing nets (quivered)
Armour
 b - a +0 leather armour
 s - a +0 cloak (melded)
 v - a +0 pair of gloves (melded)
 x - a +2 helmet (melded)
 I - a +0 plate armour (melded)
Jewellery
 h - an uncursed amulet of harm
 k - an uncursed amulet of faith
 B - an amulet of regeneration (around neck)
 F - an uncursed ring of fire
Wands
 D - a wand of polymorph (8)
Scrolls
 e - 3 scrolls of teleportation
 i - 7 scrolls of remove curse
 n - 2 scrolls of amnesia
 o - 3 scrolls of fog
 p - 3 scrolls of blinking
 q - 4 scrolls of fear
 r - a scroll of immolation
 A - 6 scrolls of magic mapping
 K - a scroll of identify
Potions
 a - a potion of resistance {unknown}
 j - 2 potions of agility {unknown}
 l - 2 potions of brilliance
 m - 3 potions of curing
 t - 3 potions of cancellation
 w - 7 potions of might
 z - 2 potions of degeneration
 E - 4 potions of flight
 G - a potion of ambrosia {unknown}
 J - a potion of haste
Books
 y - a book of Conjurations

   Spells                             Type                      Level
   a - Magic Dart                     Conjuration                  1
   b - Searing Ray                    Conjuration                  2
   c - Dazzling Spray                 Conjuration/Hexes            3
   d - Fulminant Prism                Conjuration/Hexes            4
   e - Force Lance                    Conjuration/Translocation    4
   f - Iskenderun's Mystic Blast      Conjuration                  4
 H - a book of Frost

   Spells                             Type                      Level
   a - Freeze                         Ice                          1
   b - Throw Frost                    Conjuration/Ice              2
   c - Ozocubu's Armour               Charms/Ice                   3
   d - Throw Icicle                   Conjuration/Ice              4
   e - Summon Ice Beast               Ice/Summoning                4
Comestibles
 f - 16 rations


   Skills:
 + Level 9.2 Fighting
 + Level 12.3 Long Blades
 - Level 1.7 Throwing
 * Level 9.1 Armour
 + Level 7.0 Dodging


You had 11 spell levels left.
You didn't know any spells.

Dungeon Overview and Level Annotations

Branches:
Dungeon (10/15)            Temple (1/1) D:5            Lair (1/6) D:10
    Orc: D:9-12

Altars:
Ashenzari
Cheibriados
Dithmenos
Elyvilon
Fedhas
Gozag
Hepliaklqana
Kikubaaqudgha
Makhleb
Nemelex Xobeh
Okawaru
Qazlal
Ru
Sif Muna
Trog
Uskayaw
Vehumet
Wu Jian
Xom
Yredelemnul
Zin
The Shining One

Shops:
D:5 =


Innate Abilities, Weirdness & Mutations

((You have hooves in place of feet.))
((You are mostly covered in icy blue scales. (AC +3)))
((Your flesh is cold resistant. (rC+)))
When hurt, damage is shared between your health and your magic reserves.
You regenerate magic rapidly.
You are immune to freezing clouds.


Message History

The ice dragon claws you but does no damage.
The ice dragon tramples you!
* * * LOW HITPOINT WARNING * * *
You hold your ground!
You turn into a tree.
Your +0 cloak melds into your body.
Your +2 helmet melds into your body.
Your +0 pair of gloves melds into your body.
Your +0 plate armour melds into your body.
Your roots penetrate the ground.
The ice dragon bites you!
* * * LOW HITPOINT WARNING * * *
The ice dragon claws you but does no damage.
The ice dragon tramples you but does no damage.
You feel better. The ice dragon bites you.
* * * LOW HITPOINT WARNING * * *
The ice dragon claws you but does no damage.
The ice dragon tramples you.
* * * LOW HITPOINT WARNING * * *
The ice dragon breathes frost at you. The blast of cold hits you!
You die...

####....##
####..## ###
##..###.## $
##.#....# ."
#...##.# ...
#####..### ....
#...##.## .D...
##..DD..#.....#
####♣.....#
########


You could see 2 ice dragons.

Vanquished Creatures
  Gastronok (D:10)
  Josephine (D:10)
  Erica (D:10)
  A two-headed ogre (D:10)
  The ghost of Lokiki the Archer, a novice CeHu of Okawaru (D:7)
  A black mamba (Lair:2)
  2 ice statues (IceCv)
  A centaur skeleton (D:10)
  2 rime drakes (IceCv)
  2 spiny frogs (Lair:2)
  2 komodo dragons (Lair:2)
  A hornet (D:10)
  Grinder (D:5)
  5 blink frogs (Lair:1)
  2 hippogriffs (D:8)
  A dream sheep (Lair:1)
  A spriggan (D:10)
  9 yaks
  3 wraiths (D:10)
  3 wargs (D:10)
  The ghost of adarith the Bolt Thrower, an amateur KoHu (D:3)
  2 water moccasins
  An orc warrior (D:10)
  2 porcupines (Lair:1)
  A phantom (D:5)
  15 ice beasts
  4 ogres
  2 centaurs
  4 crocodiles
  2 big kobolds (D:9)
  6 bullfrogs
  4 scorpions
  4 wights (D:7)
  4 killer bees (D:8)
  6 howler monkeys
  2 centaur zombies
  5 crimson imps
  A quasit (D:8)
  3 bullfrog zombies
  A bullfrog skeleton (D:7)
  9 orc priests
  4 hounds
  An iguana (D:4)
  3 hell rats (Lair:1)
  7 orc wizards
  4 worker ants
  A hound skeleton (D:4)
  2 worker ant zombies
  7 gnolls
  14 adders
  12 river rats
  5 shadow imps
  12 white imps (Lair:2)
  2 oozes
  A worm (D:2)
  10 leopard geckos
  30 orcs
  11 giant cockroaches
  5 goblins (D:1)
  6 hobgoblins
  10 jackals
  16 kobolds
  5 quokkas
  15 ball pythons
  13 bats
  5 frilled lizards
  37 rats
358 creatures vanquished.

Vanquished Creatures (others)
  A fungus (Lair:2)
  3 plants
4 creatures vanquished.

Grand Total: 362 creatures vanquished

Notes
Turn   | Place    | Note
-------+----------+-------------------------------------------
     0 | D:1      | Revguard the Demonspawn Gladiator began the quest for the Orb.
     0 | D:1      | Reached XP level 1. HP: 16/16 MP: 1/1
   126 | D:1      | Gained mutation: You are partially covered in icy blue scales. (AC +2) [demonic ancestry]
   126 | D:1      | Reached XP level 2. HP: 22/22 MP: 2/2
   141 | D:1      | Reached skill level 3 in Long Blades
   498 | D:1      | Gained mutation: You have large cloven feet. [demonic ancestry]
   498 | D:1      | Reached XP level 3. HP: 22/27 MP: 3/3
   983 | D:2      | Reached skill level 1 in Armour
  1111 | D:2      | Found an opulent altar of Gozag.
  1263 | D:2      | Found a hide-covered altar of Uskayaw.
  1629 | D:3      | Gained mutation: You have hoof-like feet. [demonic ancestry]
  1629 | D:3      | Reached XP level 4. HP: 34/34 MP: 4/4
  1737 | D:3      | Found a basalt altar of Yredelemnul.
  1833 | D:3      | Noticed adarith's ghost (amateur KoHu)
  1843 | D:3      | Killed adarith's ghost
  1843 | D:3      | Reached skill level 4 in Long Blades
  1843 | D:3      | Gained mutation: When hurt, damage is shared between your health and your magic reserves. [demonic ancestry]
  1843 | D:3      | Reached XP level 5. HP: 26/40 MP: 5/5
  2434 | D:4      | Found a stormy altar of Qazlal.
  2582 | D:4      | Gained mutation: You regenerate magic rapidly. [demonic ancestry]
  2582 | D:4      | Reached XP level 6. HP: 47/47 MP: 6/6
  2736 | D:4      | Found a white marble altar of Elyvilon.
  3130 | D:5      | Entered Level 5 of the Dungeon
  3181 | D:5      | Reached skill level 5 in Long Blades
  3263 | D:5      | Gained mutation: Your flesh is cold resistant. (rC+) [demonic ancestry]
  3263 | D:5      | Reached XP level 7. HP: 38/52 MP: 7/7
  3507 | D:5      | Found a glowing drain.
  3525 | Sewer    | Entered a sewer
  3870 | Sewer    | Reached skill level 6 in Long Blades
  3988 | D:5      | Gained mutation: You are mostly covered in icy blue scales. (AC +3) [demonic ancestry]
  3988 | D:5      | Reached XP level 8. HP: 57/60 MP: 6/8
  3993 | D:5      | Noticed Grinder
  4004 | D:5      | Paralysed by Grinder for 3 turns
  4011 | D:5      | Killed Grinder
  4212 | D:5      | Found Tyosof Imat's Jewellery Shop.
  4386 | D:5      | Found a staircase to the Ecumenical Temple.
  4388 | D:5      | You fall through a shaft for 3 floors!
  4410 | D:8      | Found a radiant altar of Vehumet.
  4441 | D:8      | Reached skill level 7 in Long Blades
  4641 | Temple   | Entered the Ecumenical Temple
  5795 | D:7      | Found an opulent altar of Gozag.
  5833 | D:7      | Found a sacrificial altar of Ru.
  5911 | D:7      | Noticed Lokiki's ghost (novice CeHu)
  5923 | D:7      | Reached skill level 5 in Fighting
  5950 | D:7      | Killed Lokiki's ghost
  5950 | D:7      | Reached skill level 8 in Long Blades
  5950 | D:7      | Reached skill level 5 in Armour
  5950 | D:7      | Reached skill level 5 in Dodging
  5950 | D:7      | Reached XP level 9. HP: 29/68 MP: 6/9
  6300 | D:7      | Found a shadowy altar of Dithmenos.
  7321 | D:9      | Found an iron altar of Okawaru.
  7323 | D:9      | Found a sacrificial altar of Ru.
  7337 | D:9      | Reached skill level 9 in Long Blades
  7339 | D:9      | Found an ornate altar of the Wu Jian Council.
  7339 | D:9      | Found an ancient bone altar of Kikubaaqudgha.
  7339 | D:9      | Found a bloodstained altar of Trog.
  7341 | D:9      | Found a shattered altar of Ashenzari.
  7387 | D:9      | Gained mutation: You have hooves in place of feet. [demonic ancestry]
  7387 | D:9      | Reached XP level 10. HP: 34/77 MP: 7/10
  7919 | D:10     | Entered Level 10 of the Dungeon
  7960 | D:10     | Noticed Gastronok
  7990 | D:10     | Noticed a two-headed ogre
  8016 | D:10     | Killed Gastronok
  8016 | D:10     | Reached skill level 10 in Long Blades
  8025 | D:10     | Killed a two-headed ogre
  8054 | D:10     | Noticed Josephine
  8062 | D:10     | Killed Josephine
  8062 | D:10     | Reached XP level 11. HP: 38/85 MP: 8/11
  8070 | D:10     | Reached skill level 11 in Long Blades
  8248 | D:10     | Noticed Erica
  8260 | D:10     | Killed Erica
  8338 | D:10     | Paralysed by a hornet for 1 turns
  8592 | D:10     | Found a staircase to the Lair.
  8906 | Lair:1   | Entered Level 1 of the Lair of Beasts
  9756 | Lair:1   | You fall through a shaft!
  9926 | Lair:2   | Found a frozen archway.
  9948 | Lair:2   | Reached skill level 12 in Long Blades
  9971 | IceCv    | Entered an ice cave
 10129 | IceCv    | Gained mutation: You are immune to freezing clouds. [demonic ancestry]
 10129 | IceCv    | Reached XP level 12. HP: 59/95 MP: 7/12
 10220 | IceCv    | Noticed an ice dragon
 10221 | IceCv    | Noticed an ice dragon
 10239 | IceCv    | Killed from afar by an ice dragon

Skill      XL: |  1  2  3  4  5  6  7  8  9 10 11 12 |
---------------+-------------------------------------+-----
Long Blades    | 3 4 5 6 8 9 10 12 | 12.3
Dodging        | 3 4 5 6 7 |  7.0
Armour         | 1 2 3 4 5 6 7 8 9 |  9.1
Fighting       | 3 4 5 6 7 9 |  9.2
Throwing       | |  1.7

Action                   |  1- 3 |  4- 6 |  7- 9 | 10-12 || total
-------------------------+-------+-------+-------+-------++-------
Melee: Long sword        |    96 |    65 |       |       ||   161
       Kick              |    14 |    36 |   120 |   168 ||   338
       Scimitar          |       |    66 |   386 |   475 ||   927
Throw: Throwing net      |       |     1 |       |       ||     1
  Use: Potion            |     1 |       |       |    10 ||    11
       Scroll            |     2 |     6 |     3 |    10 ||    21
  Eat: Ration            |     1 |     1 |     5 |     2 ||     9
       Chunk             |       |       |       |     1 ||     1
Armor: Leather armour    |    61 |    57 |   188 |     5 ||   311
       Skin              |       |       |       |    59 ||    59
       Plate armour      |       |       |       |   277 ||   277
Dodge: Dodged            |   111 |   115 |   370 |   185 ||   781
       Rpst.: Long sword |    35 |    22 |       |       ||    57
       Scimitar          |       |    16 |   120 |    54 ||   190
